 Dungeon Crawl Stone Soup version 0.23-a0-296-ga3b1b28ecf (webtiles) character file.

1036 Ablot the Charmwright (level 8, -4/63 HPs)
             Began as a Gnoll Skald on Oct 5, 2018.
             Slain by an ice beast (11 damage)
             ... on level 6 of the Dungeon.
             The game lasted 00:08:44 (5047 turns).

Ablot the Charmwright (Gnoll Skald)                 Turns: 5047, Time: 00:08:45

Health: -4/63      AC:  4    Str: 17    XL:     8   Next: 24%
Magic:  5/16       EV: 15    Int: 15    God:
Gold:   196        SH:  0    Dex: 14    Spells: 2/18 levels left

rFire    . . .     SeeInvis .   a - +0 trident
rCold    . . .     Gourm    .   (no shield)
rNeg     . . .     Faith    .   b - +0 leather armour
rPois    +         Spirit   .   e - +0 helmet
rElec    .         Reflect  .   (no cloak)
rCorr    .         Harm     .   (no gloves)
MR       .....                  (no boots)
Stlth    ++........             (no amulet)
HPRegen  0.20/turn              u - ring of poison resistance
MPRegen  0.15/turn              (no ring)

@: no status effects
A: distributed training, fangs 1, strong nose
a: no special abilities


You were on level 6 of the Dungeon.
You were not hungry.

You visited 2 branches of the dungeon, and saw 7 of its levels.
You also visited: Ossuary.

You collected 196 gold pieces.

Inventory:

Hand Weapons
 a - a +0 trident (weapon)
 q - a +0 hunting sling
 y - a +2 whip of flaming
Missiles
 c - 135 stones (quivered)
 k - 7 needles of confusion
 l - 51 arrows
 m - 30 bolts
 n - 74 sling bullets
 o - 7 poisoned needles
Armour
 b - a +0 leather armour (worn)
 e - a +0 helmet (worn)
Jewellery
 f - an uncursed ring of fire {unknown}
 u - a ring of poison resistance (left hand)
Scrolls
 g - 2 scrolls of fear {unknown}
 h - 5 scrolls of remove curse {unknown}
 i - 11 scrolls of identify {unknown}
 p - a scroll of noise {unknown}
 r - a scroll of magic mapping {unknown}
 s - a scroll of enchant armour {unknown}
 t - a scroll of teleportation {unknown}
 F - a scroll of enchant weapon {unknown}
Potions
 j - 2 potions of heal wounds {unknown}
 v - a potion of resistance {unknown}
 w - a potion of berserk rage {unknown}
 x - 5 potions of lignification {unknown}
 z - 2 potions of curing {unknown}
 A - 3 potions of agility {unknown}
 B - a potion of flight {unknown}
 C - a potion of ambrosia {unknown}
 D - a potion of mutation {unknown}
 E - a potion of brilliance {unknown}
 H - a potion of magic {unknown}
Comestibles
 d - 8 rations


   Skills:
 + Level 5.5 Fighting
 + Level 3.0 Short Blades
 + Level 3.0 Long Blades
 + Level 3.0 Axes
 + Level 3.0 Maces & Flails
 + Level 5.5 Polearms
 + Level 3.0 Staves
 + Level 3.0 Slings
 + Level 3.0 Bows
 + Level 3.0 Crossbows
 + Level 3.0 Throwing
 + Level 4.0 Armour
 + Level 5.5 Dodging
 + Level 3.0 Stealth
 + Level 3.0 Shields
 + Level 3.0 Unarmed Combat
 + Level 5.9 Spellcasting
 + Level 2.4 Conjurations
 + Level 2.4 Hexes
 + Level 6.0 Charms
 + Level 2.4 Summonings
 + Level 2.4 Necromancy
 + Level 2.4 Translocations
 + Level 2.4 Transmutations
 + Level 2.4 Fire Magic
 + Level 2.4 Ice Magic
 + Level 2.4 Air Magic
 + Level 2.4 Earth Magic
 + Level 2.4 Poison Magic
 + Level 3.3 Invocations
 + Level 3.0 Evocations


You had 2 spell levels left.
You knew the following spells:

 Your Spells              Type           Power        Failure   Level  Hunger
a - Infusion              Chrm           ###.         1%          1    None
b - Song of Slaying       Chrm           ###.....     2%          2    #......
c - Shroud of Golubria    Chrm/Tloc      ###.......   4%          2    #......
d - Regeneration          Chrm/Necr      ###.......   10%         3    ###....
e - Spectral Weapon       Hex/Chrm       ###.....     10%         3    ###....
f - Blink                 Tloc           N/A          10%         2    #......
g - Conjure Flame         Conj/Fire      ##......     19%         3    ###....

Your spell library contained the following spells:

 Spells                   Type           Power        Failure   Level  Hunger
 Magic Dart               Conj           ##..         6%          1    None
 Call Imp                 Summ           ##......     10%         2    #......
 Slow                     Hex            ##......     10%         2    #......
 Mephitic Cloud           Conj/Pois/Air  ##......     19%         3    ###....


Dungeon Overview and Level Annotations

Branches:
Dungeon (6/15)             Temple (1/1) D:5

Altars:
Ashenzari
Cheibriados
Fedhas
Hepliaklqana
Kikubaaqudgha
Nemelex Xobeh
Qazlal
Ru
Sif Muna
Trog
Uskayaw
Vehumet
Wu Jian
Xom
The Shining One

Annotations:
D:3 3 runed doors, derval's ghost, amateur DsNe
D:6 Grinder


Innate Abilities, Weirdness & Mutations

Your experience applies equally to all skills.
You have very sharp teeth.
Your uncanny sense of smell can sniff out nearby items.


Message History

Unknown command.
Casting: Regeneration (safe; 10% risk of failure)
Confirm with . or Enter, or press ? or * to list all spells.
You draw out your weapon's spirit!
The wyvern zombie misses you.
Unknown command.
You puncture the wyvern zombie!
You destroy the wyvern zombie!
Unknown command.
You hit the ice beast but do no damage.
Your spectral weapon closely misses the ice beast.
The ice beast hits you but does no damage.
Unknown command.
You puncture the ice beast!
The ice beast is moderately wounded.
Your skin stops crawling.
Your spectral weapon completely misses the ice beast.
The ice beast hits you.
* * * LOW HITPOINT WARNING * * *
The ice beast freezes you!
You die...

.#.......# .. ..........
#. ..#$.....#####.
...............
.......!.....
#........### ∆ #
#........####.. ..
..##..##Y##......###..
...####@###..##.#...
###....(...........##
######....##........##
.............##..##..#
########.>##.......#
##..............)#
#######......#####.....#
..........##.###.......#
##....................#


You could see an ice beast and a friendly spectral trident.

Vanquished Creatures
  Eustachio (D:4)
  An ice beast (D:6)
  A wyvern zombie (D:6)
  A scorpion (D:4)
  A crimson imp (D:5)
  3 hounds (D:4)
  3 orc wizards
  4 worker ants
  A killer bee zombie (D:6)
  8 big kobold zombies (Ossuary)
  A mummy (Ossuary)
  A howler monkey zombie (D:4)
  A worker ant zombie (D:6)
  A gnoll (D:4)
  3 adders
  An adder skeleton (D:4)
  4 worms
  A dart slug (D:2)
  2 leopard geckos
  15 orcs
  4 spectral bats (Ossuary)
  4 giant cockroaches
  4 gnoll zombies (Ossuary)
  6 goblins
  11 hobgoblins
  15 jackals
  5 quokkas
  4 bats
  6 bat simulacra (Ossuary)
  A frilled lizard (D:3)
  A goblin simulacrum (Ossuary)
  5 goblin zombies (Ossuary)
  3 hobgoblin zombies (Ossuary)
  6 kobolds
  3 kobold simulacra (Ossuary)
  2 kobold zombies (Ossuary)
  8 orc zombies (Ossuary)
  10 rats
  3 rat simulacra (Ossuary)
  3 spectral goblins (Ossuary)
  2 spectral kobolds (Ossuary)
  5 spectral rats (Ossuary)
165 creatures vanquished.

Vanquished Creatures (others)
  A spectral weapon (D:6)
1 creature vanquished.

Grand Total: 166 creatures vanquished

Notes
Turn   | Place    | Note
-------+----------+-------------------------------------------
     0 | D:1      | Ablot the Gnoll Skald began the quest for the Orb.
     0 | D:1      | Reached XP level 1. HP: 20/20 MP: 6/6
   153 | D:1      | Reached XP level 2. HP: 19/26 MP: 7/7
   157 | D:1      | Learned a level 2 spell: Song of Slaying
   160 | D:1      | Learned a level 2 spell: Shroud of Golubria
   757 | D:2      | Reached XP level 3. HP: 31/31 MP: 3/9
   762 | D:2      | Reached skill level 5 in Spellcasting
   868 | D:2      | Reached skill level 1 in Invocations
   914 | D:2      | Reached skill level 1 in Short Blades
   914 | D:2      | Reached skill level 1 in Long Blades
   914 | D:2      | Reached skill level 1 in Axes
   914 | D:2      | Reached skill level 1 in Maces & Flails
   914 | D:2      | Reached skill level 1 in Staves
   914 | D:2      | Reached skill level 1 in Slings
   914 | D:2      | Reached skill level 1 in Bows
   914 | D:2      | Reached skill level 1 in Crossbows
   914 | D:2      | Reached skill level 1 in Throwing
   914 | D:2      | Reached skill level 1 in Stealth
   914 | D:2      | Reached skill level 1 in Shields
   914 | D:2      | Reached skill level 1 in Unarmed Combat
   914 | D:2      | Reached skill level 1 in Evocations
   922 | D:2      | Learned a level 3 spell: Regeneration
   926 | D:2      | Learned a level 3 spell: Spectral Weapon
   974 | D:2      | Reached XP level 4. HP: 33/38 MP: 1/11
  1149 | D:2      | You fall through a shaft for 2 floors!
  1189 | D:4      | Reached skill level 1 in Conjurations
  1189 | D:4      | Reached skill level 1 in Hexes
  1189 | D:4      | Reached skill level 1 in Summonings
  1189 | D:4      | Reached skill level 1 in Necromancy
  1189 | D:4      | Reached skill level 1 in Translocations
  1189 | D:4      | Reached skill level 1 in Transmutations
  1189 | D:4      | Reached skill level 1 in Fire Magic
  1189 | D:4      | Reached skill level 1 in Ice Magic
  1189 | D:4      | Reached skill level 1 in Air Magic
  1189 | D:4      | Reached skill level 1 in Earth Magic
  1189 | D:4      | Reached skill level 1 in Poison Magic
  1193 | D:4      | Reached XP level 5. HP: 43/43 MP: 5/12
  1213 | D:4      | Found a snail-covered altar of Cheibriados.
  1322 | D:3      | Found a runed gate.
  1324 | D:3      | Noticed derval's ghost (amateur DsNe)
  1325 | D:3      | Found a runed gate.
  1325 | D:3      | Found a runed gate.
  1325 | D:3      | Noticed a big kobold
  1421 | D:3      | Reached XP level 6. HP: 10/50 MP: 5/13
  1751 | D:3      | Found a sacrificial altar of Ru.
  2566 | D:3      | Found a stormy altar of Qazlal.
  2978 | D:4      | Reached skill level 5 in Fighting
  2978 | D:4      | Reached skill level 5 in Polearms
  2978 | D:4      | Reached skill level 5 in Dodging
  3008 | D:4      | Learned a level 2 spell: Blink
  3294 | D:4      | Noticed Eustachio
  3328 | D:4      | Killed Eustachio
  3328 | D:4      | Reached XP level 7. HP: 19/56 MP: 6/15
  3629 | D:5      | Entered Level 5 of the Dungeon
  3669 | D:5      | Learned a level 3 spell: Conjure Flame
  3795 | D:5      | Found a staircase to the Ecumenical Temple.
  3804 | Temple   | Entered the Ecumenical Temple
  4069 | D:5      | Found a sand-covered staircase.
  4084 | Ossuary  | Entered an ossuary
  4528 | Ossuary  | Reached XP level 8. HP: 57/63 MP: 12/16
  4934 | D:6      | Noticed Grinder
  4984 | D:6      | Reached skill level 6 in Charms
  5047 | D:6      | Slain by an ice beast

Vault maps used:
D:1:      ncdulo_halloftheorcs
D:2:      minmay_wonky_spiral, kennysheep_generic_room_15
D:3:      overflow_temple_1_default, lemuel_coloured_pillars_altar,
          gammafunk_ghost_nasty_kobolds
D:4:      lemuel_crystal_altar, minmay_cut_off, uniq_eustachio
D:5:      minmay_temple_entry_large_hall, nicolae_ossuary_entry_monument,
          first_ration
D:6:      uniq_grinder
Temple:   hc_temple_tempest_star
Ossuary:  ossuary_zaba_two_paths

Skill      XL: |  1  2  3  4  5  6  7  8 |
---------------+-------------------------+-----
Spellcasting   | 5 |  5.9
Invocations    | 1 2 3 |  3.3
Short Blades   | 1 2 3 |  3.0
Long Blades    | 1 2 3 |  3.0
Axes           | 1 2 3 |  3.0
Maces & Flails | 1 2 3 |  3.0
Staves         | 1 2 3 |  3.0
Slings         | 1 2 3 |  3.0
Bows           | 1 2 3 |  3.0
Crossbows      | 1 2 3 |  3.0
Throwing       | 1 2 3 |  3.0
Stealth        | 1 2 3 |  3.0
Shields        | 1 2 3 |  3.0
Unarmed Combat | 1 2 3 |  3.0
Evocations     | 1 2 3 |  3.0
Conjurations   | 1 2 |  2.4
Hexes          | 1 2 |  2.4
Summonings     | 1 2 |  2.4
Necromancy     | 1 2 |  2.4
Translocations | 1 2 |  2.4
Transmutations | 1 2 |  2.4
Fire Magic     | 1 2 |  2.4
Ice Magic      | 1 2 |  2.4
Air Magic      | 1 2 |  2.4
Earth Magic    | 1 2 |  2.4
Poison Magic   | 1 2 |  2.4
Armour         | 3 4 |  4.0
Fighting       | 5 |  5.5
Polearms       | 5 |  5.5
Dodging        | 5 |  5.5
Charms         | 6 |  6.0

Action                   |  1- 3 |  4- 6 |  7- 9 || total
-------------------------+-------+-------+-------++-------
Melee: Spear             |   121 |   260 |       ||   381
       Bite              |     9 |    24 |    27 ||    60
       Punch             |       |     1 |     2 ||     3
       Trident           |       |    10 |   228 ||   238
 Fire: Hunting sling     |       |    14 |       ||    14
 Cast: Shroud of Golubri |     4 |     9 |    10 ||    23
       Song of Slaying   |     2 |     3 |     3 ||     8
       Spectral Weapon   |     1 |     8 |    10 ||    19
       Infusion          |     1 |     1 |       ||     2
       Regeneration      |       |     7 |     5 ||    12
 Stab: Sleeping          |       |     4 |     7 ||    11
  Eat: Chunk             |       |    10 |     4 ||    14
       Ration            |       |       |     1 ||     1
Armor: Leather armour    |    20 |    44 |    35 ||    99
Dodge: Dodged            |    67 |   146 |   103 ||   316

Table legend:
 A = Non-vault XP
 B = Vault XP
 C = Vault XP percentage of total XP
 D = Non-vault monster count
 E = Vault monster count
 F = Vault count percentage of total count
                 A         B        C        D         E       F
            +---------+---------+-------+---------+---------+-------
      Total |     935 |     546 |  36.9 |      98 |      67 |  40.6
            +---------+---------+-------+---------+---------+-------
        D:1 |      29 |       0 |   0.0 |      20 |       0 |   0.0
        D:2 |      64 |       9 |  12.3 |      23 |       5 |  17.9
        D:3 |     172 |       0 |   0.0 |      33 |       0 |   0.0
        D:4 |     331 |     254 |  43.4 |      15 |       4 |  21.1
        D:5 |      81 |       0 |   0.0 |       3 |       0 |   0.0
        D:6 |     258 |       0 |   0.0 |       4 |       0 |   0.0
    Ossuary |       0 |     283 | 100.0 |       0 |      58 | 100.0
            +---------+---------+-------+---------+---------+-------
